 Dungeon Crawl Stone Soup version 0.20.1-1-g8b1a95d (webtiles) character file.

390309 manon the Brawler (level 22, -7/178 HPs)
             Began as a Demonspawn Berserker on Sept 20, 2017.
             Was the Champion of Trog.
             Mangled by a caustic shrike (8 damage)
             ... on level 2 of the Depths on Sept 22, 2017.
             The game lasted 06:09:03 (46629 turns).

manon the Brawler (Demonspawn Berserker)           Turns: 46629, Time: 06:09:05

Health: -7/178     AC: 34    Str: 28    XL:     22   Next: 8%
Magic:  25/25      EV:  2    Int: 13    God:    Trog [******]
Gold:   1949       SH:  0    Dex: 14    Spells: 21/21 levels left

rFire    + . .     SeeInvis .     - Unarmed
rCold    + . .     Gourm    .   I - +2 large shield
rNeg     + + +     Faith    .   a - +13 plate armour of Claustrophobia {Str+2 Int+4}
rPois    ∞         Spirit   .   A - +1 hat
rElec    .         Reflect  +   y - +2 cloak {+Inv}
rCorr    .         Harm     .   (no gloves)
MR       +....     Clarity  +   L - +2 pair of boots {run}
Stlth    ..........             X - amulet of Mistrust {Reflect rN+ SH+4}
Regen    2.4/turn               q - +2 ring of slaying
MPRegen  0.2/turn               c - ring of protection from cold

@: petrified, corroded, quick
A: claws 2, slimy green scales 3, clarity, fire resistance 1, ignite blood, low
mp 1, powered by death 2, wild magic 1, augmentation 1, flame cloud immunity
}: 2/15 runes: decaying, serpentine
a: Berserk, Trog's Hand, Brothers in Arms, Burn Spellbooks, Renounce Religion,
Evoke Invisibility


You were on level 2 of the Depths.
You worshipped Trog.
Trog was exalted by your worship.
You were not hungry.

You visited 7 branches of the dungeon, and saw 37 of its levels.
You visited the Abyss 1 time.
You also visited: Labyrinth, Ossuary and Volcano.

You collected 4189 gold pieces.
You spent 2240 gold pieces at shops.

Inventory:

Hand Weapons
 b - the +10 hand crossbow of the Wasteland {speed, rElec rPois Int+4}
   (Trog gifted it to you on level 2 of the Vaults)

   Attacks with this weapon are significantly faster.
   It affects your intelligence (+4).
   It insulates you from electricity.
   It protects you from poison.
Missiles
 l - 1314 bolts
 E - a throwing net (quivered)
Armour
 a - the +13 plate armour of Claustrophobia (worn) {Str+2 Int+4}
   (You found it on level 6 of the Lair of Beasts)

   It affects your strength (+2).
   It affects your intelligence (+4).
 y - a +2 cloak of invisibility (worn)
 A - a +1 hat (worn)
 G - a +2 pair of boots of flying
 I - a +2 large shield (worn)
 L - a +2 pair of boots of running (worn)
Jewellery
 c - a ring of protection from cold (right claw)
 d - an uncursed ring of see invisible
 f - an uncursed ring of protection from fire
 o - the ring of the Shining Light {rCorr rF+}
   (You bought it in a shop on level 2 of the Depths)

   [ring of resist corrosion]

   It protects you from fire.
 q - a +2 ring of slaying (left claw)
 u - an uncursed ring of protection from fire
 X - the amulet of Mistrust (around neck) {Reflect rN+ SH+4}
   (You bought it in a shop on level 2 of the Depths)

   [amulet of reflection]

   It shields you and reflects attacks.
   It protects you from negative energy.
   It affects your SH (+4).
Wands
 h - a wand of digging (22/24)
 p - a wand of disintegration (12/24)
 s - a wand of lightning (6/15)
 B - a wand of confusion (36/48)
 V - a wand of acid (7/15)
 Y - a wand of iceblast (9/15)
Scrolls
 e - 17 scrolls of teleportation
 i - 11 scrolls of identify
 k - 7 scrolls of magic mapping
 t - 4 scrolls of blinking
 w - 5 scrolls of fog
 z - 5 scrolls of immolation
 F - a scroll of silence
 M - 8 scrolls of fear
 N - 14 scrolls of remove curse
 O - 4 scrolls of brand weapon
 U - 2 scrolls of summoning
 W - 12 scrolls of recharging
Potions
 j - 10 potions of mutation
 m - 6 potions of agility
 n - 3 potions of might
 v - 2 potions of cancellation
 x - 2 potions of ambrosia
 D - 13 potions of curing
 J - 2 potions of invisibility
 K - 6 potions of flight
 P - 6 potions of haste
 R - 3 potions of resistance
 S - 3 potions of magic
 Z - 4 potions of brilliance
Miscellaneous
 r - 2 boxes of beasts
 H - 2 phantom mirrors
 T - 2 sacks of spiders
Comestibles
 g - 4 royal jellies
 C - 24 bread rations
 Q - 15 meat rations


   Skills:
 + Level 16.3 Fighting
   Level 5.3 Axes
 - Level 7.8 Crossbows
 - Level 2.0 Throwing
 + Level 14.9 Armour
 - Level 1.7 Dodging
 * Level 17.8 Shields
 + Level 20.1 Unarmed Combat
 - Level 8.0 Evocations


You had 21 spell levels left.
You didn't know any spells.

Dungeon Overview and Level Annotations

Branches:
Dungeon (15/15)            Temple (0/1) D:4            Lair (6/6) D:11
  Swamp (4/4) Lair:3        Snake (4/4) Lair:2        Slime (0/5) Lair:6
    Orc (2/2) D:9             Elf (0/3) Orc:2        Vaults (4/5) D:13
  Crypt (0/3) Vaults:3     Depths (2/5) D:15

Altars:
Cheibriados
Dithmenos
Elyvilon
Fedhas
Kikubaaqudgha
Makhleb
Ru
Sif Muna
Trog
Uskayaw
Yredelemnul
The Shining One
Beogh

Shops:
D:7 }   D:12 (   D:13 (   Orc:1 [   Orc:2 :}[(   Snake:4 [   Vaults:1 [
Vaults:3 [   Depths:2 =

Portals:
Hell: Depths:1
Pandemonium: Depths:1

Annotations:
D:12 exclusion: 2 statues
Depths:2 Jorgrun


Innate Abilities, Weirdness & Mutations

You have very sharp fingernails.
You are completely covered in slimy green scales. (AC +4, rPois)
Your flesh is heat resistant. (rF+)
Your demonic aura causes spilled blood to erupt in flames.
You regenerate health from kills.
Your magical and physical power is slightly enhanced at high health.
You are immune to clouds of flame.
You possess an exceptional clarity of mind.
Your magical capacity is low. (-10% MP)
Your spells are a little harder to cast, but a little more powerful.


Message History

The caustic shrike claws you but does no damage. x3
Jorgrun mumbles some strange words.
The dungeon rumbles around Jorgrun!
The stone giant dies!
You shudder from the earth-shattering force.
* * * LOW HITPOINT WARNING * * *
Ka-crash!
The caustic shrike claws you but does no damage.
The caustic shrike claws you!
* * * LOW HITPOINT WARNING * * *
You are splashed with acid!
The acid burns!
* * * LOW HITPOINT WARNING * * *
The caustic shrike claws you but does no damage. x2
The caustic shrike claws you!!
* * * LOW HITPOINT WARNING * * *
You are splashed with acid!
The acid burns!
* * * LOW HITPOINT WARNING * * *
The caustic shrike claws you but does no damage.
The caustic shrike claws you!
You die...

##..........
##.)......##
#)C.......##
#))##......#
##))##......#
#....#......##
#........CgD.
#.##.....#bb#
#........Cb@#
#.........b#.#
###...∩....##.#
#.......## #.#
#..#.....# #.#
#.######## #.#
#.# ## ###


You could see Jorgrun, 4 caustic shrikes, a fire dragon, a stone giant and an
ettin.

Vanquished Creatures
  Vashnia (Snake:4)
  Nikola (Swamp:4)
  3 liches
  Gastronok (Lair:1)
  2 sphinxes
  5 tengu reavers
  A storm dragon (Vaults:2)
  3 thorn hunters
  Kirke (Snake:2)
  6 nagarajas (Snake:4)
  2 fire giants
  9 vault wardens
  An orc warlord (Orc:2)
  Aizul (Vaults:2)
  6 frost giants
  A balrug (Abyss:3)
  A war gargoyle (Vaults:2)
  11 ironheart preservers
  3 vampire knights
  3 very ugly things
  8 stone giants
  2 entropy weavers (Vaults:2)
  A black draconian (Abyss:3)
  2 deep elf demonologists
  A green draconian (Vaults:2)
  A dire elephant (shapeshifter) (Vaults:2)
  A lorocyproca (Depths:1)
  A deep elf annihilator (Vaults:1)
  The ghost of vatarom the Grappler, a journeyman TrTm of Ashenzari (Lair:1)
  3 ettins
  A minotaur (Lab)
  9 yaktaur captains
  2 ice dragons
  A fire dragon (Vaults:3)
  A great orb of eyes (Vaults:4)
  3 rakshasas
  24 hydras
  Erolcha (D:13)
  14 vault guards
  A ghost crab (Swamp:2)
  8 naga warriors
  7 anacondas
  9 centaur warriors
  3 alligators
  2 death knights
  3 catoblepae (Lair:6)
  59 two-headed ogres
  9 death yaks
  A deep troll shaman (Depths:1)
  16 ogre magi
  A tengu warrior (D:15)
  An orc high priest (Orc:1)
  A spriggan berserker (Depths:2)
  The ghost of Ymberti the Thaumaturge, a journeyman DEFE of Sif Muna (Lair:2)
  A thrashing horror (Abyss:3)
  A dancing weapon (Vaults:2)
  A deep troll earth mage (Vaults:3)
  21 naga sharpshooters
  A vampire mage (Vaults:3)
  Nergalle (Orc:1)
  12 shock serpents
  7 deep elf knights
  A sun demon (Abyss:3)
  2 fire crabs (shapeshifter)
  5 wretched stars (Abyss:3)
  8 salamander mystics
  5 sea snakes (Snake:1)
  A shadow wraith (Vaults:4)
  9 deep trolls
  A torturous demonspawn (Depths:1)
  A flayed ghost (Vaults:3)
  6 unseen horrors
  2 shambling mangroves (Swamp:4)
  11 swamp dragons
  3 glowing orange brains
  5 large abominations (Abyss:3)
  A wizard (Depths:1)
  11 ironbrand convokers
  3 spriggan druids
  A lindwurm (Lair:6)
  6 deep elf archers
  6 naga ritualists
  2 necromancers
  16 orc knights
  10 orc sorcerers
  9 mana vipers
  A wolf spider (Vaults:2)
  10 harpies
  3 manticores
  14 deep elf magi
  A salamander (shapeshifter) (Vaults:2)
  A shining eye (shapeshifter) (Vaults:2)
  8 cyclopes
  19 ugly things
  25 salamanders
  31 black mambas
  A rust devil (Depths:1)
  2 apocalypse crabs (Abyss:3)
  A black mamba (shapeshifter) (Abyss:3)
  20 elephants
  10 vault sentinels
  16 spiny frogs
  A gargoyle (D:15)
  Psyche (D:9)
  10 naga magi
  3 guardian serpents (Snake:4)
  A smoke demon (Depths:1)
  The ghost of manyhoops the Conjurer, a novice DgAE (D:6)
  3 rime drakes (Swamp:4)
  2 kobold demonologists (D:15)
  29 yaktaurs
  A yaktaur zombie (Vaults:1)
  3 ancient zymes (Abyss:3)
  7 freezing wraiths
  11 komodo dragons
  2 jumping spiders (Vaults:2)
  A polar bear (Lair:6)
  10 trolls
  10 blink frogs
  6 tyrant leeches
  A wolf spider simulacrum (D:15)
  27 slime creatures
  14 dream sheep
  20 hornets
  9 bog bodies
  9 hippogriffs
  A redback (shapeshifter) (Vaults:3)
  Sigmund (D:4)
  7 spriggans
  2 shadows
  3 redbacks (Vaults:2)
  3 wraiths
  2 ynoxinuls
  54 yaks
  A tarantella (shapeshifter) (Vaults:2)
  2 wyverns
  A basilisk (shapeshifter) (Vaults:1)
  A vampire (D:15)
  3 hogs (Snake:2)
  12 vampire mosquitoes
  2 fire bats (Volcano)
  5 basilisks
  A neqoxec (Abyss:3)
  2 hungry ghosts
  7 wargs
  26 swamp worms
  A soldier ant (shapeshifter) (Vaults:1)
  Edmund (D:4)
  15 water moccasins
  21 insubstantial wisps
  A soldier ant (D:14)
  An acid dragon (Vaults:1)
  A floating eye (Vaults:2)
  61 nagas
  3 hell hounds
  50 orc warriors
  5 small abominations (Abyss:3)
  8 porcupines
  4 ice beasts
  9 swamp drakes
  4 black bears
  2 eyes of draining (D:11)
  5 sky beasts
  2 phantoms
  A necrophage (D:13)
  36 ogres
  4 boggarts
  A tengu (shapeshifter) (Vaults:4)
  3 human skeletons (Vaults:1)
  19 centaurs
  12 wolves
  9 crocodiles
  4 big kobolds
  A human zombie (Vaults:1)
  19 bullfrogs
  3 scorpions
  18 killer bees
  A water moccasin skeleton (D:10)
  12 electric eels
  7 centaur zombies
  A howler monkey (D:9)
  11 crimson imps
  5 bullfrog zombies
  4 hounds
  A hound (shapeshifter) (D:13)
  6 jellies
  4 quasits
  23 orc priests
  2 bullfrog skeletons
  An iron imp (Depths:1)
  30 orc wizards
  4 centaur skeletons
  Natasha (thrice) (D:4)
  4 iguanas
  9 worker ants
  2 hound skeletons
  13 mummies (Ossuary)
  2 worker ant zombies
  Robin (D:2)
  4 gnolls (D:2)
  22 adders
  4 shadow imps
  14 white imps
  2 ufetubi (Depths:1)
  2 worms
  3 adder skeletons
  An adder zombie (D:5)
  3 dart slugs
  A leopard gecko (D:8)
  110 orcs
  3 giant cockroaches
  13 goblins
  11 hobgoblins
  17 jackals
  5 quokkas
  A ball python (D:2)
  6 bats
  2 frilled lizards
  A gnoll skeleton (Ossuary)
  3 goblin skeletons (Ossuary)
  14 kobolds
  A kobold skeleton (Ossuary)
  A leopard gecko skeleton (D:9)
  2 orc skeletons (Ossuary)
  A quokka zombie (D:8)
  3 rats (D:1)
  11 rat skeletons (Ossuary)
  A briar patch (Swamp:4)
1644 creatures vanquished.

Vanquished Creatures (collateral kills)
  Sojobo (Vaults:2)
  A stone giant (Vaults:2)
  A deep elf annihilator (Vaults:2)
  A fire dragon (Vaults:2)
  A two-headed ogre (Vaults:2)
  2 thrashing horrors (Abyss:3)
  4 elephants (Lair:5)
  A spiny frog (Lair:5)
  A bog body (Swamp:3)
  A large abomination (Abyss:3)
  A neqoxec (Abyss:3)
  A floating eye (Vaults:2)
  An ogre (Vaults:2)
  A wolf (Lair:5)
18 creatures vanquished.

Vanquished Creatures (others)
  A stone giant (Depths:2)
  A large abomination (Abyss:3)
  A slime creature (Swamp:3)
  A swamp drake (Swamp:4)
  An eye of draining (Abyss:3)
  A kobold skeleton (Ossuary)
  2 bushes
  A demonic plant (Abyss:3)
  18 fungi
  11 plants
38 creatures vanquished.

Grand Total: 1700 creatures vanquished

Notes
Turn   | Place    | Note
-------+----------+-------------------------------------------
     0 | D:1      | manon the Demonspawn Berserker began the quest for the Orb.
     0 | D:1      | Reached XP level 1. HP: 18/18 MP: 1/1
    63 | D:1      | Gained mutation: You regenerate a little health from kills. [demonic ancestry]
    63 | D:1      | Reached XP level 2. HP: 7/24 MP: 2/2
  1059 | D:2      | Noticed Robin
  1066 | D:2      | Gained mutation: You are partially covered in slimy green scales. (AC +2) [demonic ancestry]
  1066 | D:2      | Reached XP level 3. HP: 29/29 MP: 3/3
  1076 | D:2      | Reached ** piety under Trog
  1092 | D:2      | Killed Robin
  1150 | D:2      | Found a glowing golden altar of the Shining One.
  1184 | D:2      | Reached XP level 4. HP: 31/35 MP: 4/4
  1392 | D:2      | Gained mutation: You have sharp fingernails. [demonic ancestry]
  1392 | D:2      | Reached XP level 5. HP: 41/41 MP: 5/5
  2031 | D:3      | Found a snail-covered altar of Cheibriados.
  2115 | D:3      | Found a blossoming altar of Fedhas.
  2546 | D:4      | Noticed Natasha
  2552 | D:4      | Killed Natasha
  2606 | D:4      | Reached skill level 5 in Axes
  2691 | D:4      | Noticed Natasha
  2696 | D:4      | Killed Natasha
  2696 | D:4      | Reached *** piety under Trog
  2736 | D:4      | Found a staircase to the Ecumenical Temple.
  2741 | D:4      | Gained mutation: You have very sharp fingernails. [demonic ancestry]
  2741 | D:4      | Reached XP level 6. HP: 28/47 MP: 6/6
  2743 | D:4      | Noticed Natasha
  2752 | D:4      | Killed Natasha
  2966 | D:4      | Noticed Sigmund
  2969 | D:4      | Noticed Edmund
  2986 | D:4      | Killed Sigmund
  2986 | D:4      | Reached skill level 3 in Unarmed Combat
  3009 | D:4      | Killed Edmund
  3009 | D:4      | Gained mutation: Your flesh is heat resistant. (rF+) [demonic ancestry]
  3009 | D:4      | Reached XP level 7. HP: 19/52 MP: 7/7
  3027 | D:4      | Reached skill level 4 in Unarmed Combat
  3272 | D:4      | Reached skill level 1 in Shields
  3512 | D:5      | Entered Level 5 of the Dungeon
  3588 | D:5      | Found a shadowy altar of Dithmenos.
  3590 | D:5      | Noticed a hand axe
  3591 | D:5      | Noticed a hand axe
  3600 | D:5      | Found a hide-covered altar of Uskayaw.
  3669 | D:5      | Reached skill level 5 in Unarmed Combat
  3978 | D:5      | Found an ancient bone altar of Kikubaaqudgha.
  4069 | D:5      | Noticed a yak
  4069 | D:5      | Noticed a yak
  4069 | D:5      | Noticed a yak
  4069 | D:5      | Noticed a yak
  4071 | D:5      | Noticed a yak
  4116 | D:5      | Killed a yak
  4116 | D:5      | Gained mutation: You are immune to clouds of flame. [demonic ancestry]
  4116 | D:5      | Reached XP level 8. HP: 58/58 MP: 8/8
  4121 | D:5      | Reached skill level 6 in Unarmed Combat
  4157 | D:5      | Gained mutation: Your magical capacity is low. (-10% MP) [potion of mutation]
  4157 | D:5      | Gained mutation: You possess an exceptional clarity of mind. [potion of mutation]
  4157 | D:5      | Gained mutation: Your spells are a little harder to cast, but a little more powerful. [potion of mutation]
  4477 | D:5      | Reached skill level 7 in Unarmed Combat
  4919 | D:6      | Noticed manyhoops's ghost (novice DgAE)
  4938 | D:6      | Killed manyhoops's ghost
  4938 | D:6      | Reached skill level 8 in Unarmed Combat
  4938 | D:6      | Reached XP level 9. HP: 63/63 MP: 8/8
  5083 | D:6      | Reached skill level 5 in Shields
  5760 | D:7      | Found a basalt altar of Yredelemnul.
  5819 | D:7      | Found a white marble altar of Elyvilon.
  5846 | D:7      | Found Exkeufun's Gadget Boutique.
  5864 | D:7      | Found a bloodstained altar of Trog.
  5919 | D:7      | Found a sacrificial altar of Ru.
  5932 | D:7      | Reached **** piety under Trog
  6052 | D:7      | Reached skill level 9 in Unarmed Combat
  6625 | D:8      | Received a gift from Trog
  6705 | D:8      | Reached skill level 1 in Throwing
  6735 | D:8      | Gained mutation: You regenerate health from kills. [demonic ancestry]
  6735 | D:8      | Reached XP level 10. HP: 73/73 MP: 9/9
  6891 | D:8      | Reached skill level 5 in Armour
  6929 | D:8      | Found a sand-covered staircase.
  6950 | Ossuary  | Entered an ossuary
  7084 | Ossuary  | Received a gift from Trog
  7202 | Ossuary  | Reached ***** piety under Trog
  7390 | D:9      | Noticed a two-headed ogre
  7401 | D:9      | Killed a two-headed ogre
  7401 | D:9      | Reached skill level 5 in Fighting
  7401 | D:9      | Reached skill level 10 in Unarmed Combat
  7922 | D:9      | Found a staircase to the Orcish Mines.
  8033 | D:9      | Received a gift from Trog
  8374 | D:9      | Noticed Psyche
  8388 | D:9      | Killed Psyche
  8669 | D:10     | Entered Level 10 of the Dungeon
  8706 | D:10     | Reached skill level 11 in Unarmed Combat
  8747 | D:10     | Reached XP level 11. HP: 81/81 MP: 9/9
  9228 | D:11     | Noticed a four-headed hydra
  9239 | D:11     | Killed a four-headed hydra
  9747 | D:11     | Found a staircase to the Lair.
 10368 | D:11     | You fall through a shaft for 2 floors!
 10733 | D:11     | Noticed a two-headed ogre
 10760 | Lair:1   | Entered Level 1 of the Lair of Beasts
 10908 | Lair:1   | Noticed an eight-headed hydra
 10934 | Lair:1   | Killed an eight-headed hydra
 10981 | Lair:1   | Received a gift from Trog
 11024 | Lair:1   | Noticed Gastronok
 11025 | Lair:1   | Noticed a five-headed hydra
 11037 | Lair:1   | Killed a five-headed hydra
 11037 | Lair:1   | Reached skill level 12 in Unarmed Combat
 11049 | Lair:1   | Killed Gastronok
 11049 | Lair:1   | Reached XP level 12. HP: 41/93 MP: 10/10
 11094 | Lair:1   | Noticed vatarom's ghost (journeyman TrTm)
 11173 | Lair:1   | Killed vatarom's ghost
 12117 | Lair:2   | Found a staircase to the Snake Pit.
 12715 | Lair:2   | Noticed a death yak
 12727 | Lair:2   | Killed a death yak
 12846 | Lair:2   | Noticed a seven-headed hydra
 12860 | Lair:2   | Killed a seven-headed hydra
 13383 | Lair:3   | Noticed a six-headed hydra
 13397 | Lair:3   | Killed a six-headed hydra
 13406 | Lair:3   | Reached skill level 13 in Unarmed Combat
 13554 | Lair:3   | Noticed a six-headed hydra
 13565 | Lair:3   | Killed a six-headed hydra
 13565 | Lair:3   | Reached skill level 10 in Fighting
 13813 | Lair:3   | Gained mutation: You are mostly covered in slimy green scales. (AC +3) [demonic ancestry]
 13813 | Lair:3   | Reached XP level 13. HP: 92/103 MP: 11/11
 14461 | Lair:3   | Received a gift from Trog
 15045 | Lair:4   | Received a gift from Trog
 15046 | Lair:4   | Got a polished quarterstaff {god gift}
 15052 | Lair:4   | Identified the +6 quarterstaff of Malaise {crush, rC+ MR+ Int-3 Dex+3} (Trog gifted it to you on level 4 of the Lair of Beasts)
 15542 | Lair:5   | Found a dark tunnel.
 15560 | Volcano  | Entered a volcano
 15753 | Volcano  | Reached skill level 10 in Armour
 16147 | Lair:5   | Reached skill level 14 in Unarmed Combat
 17093 | Lair:5   | Reached XP level 14. HP: 95/113 MP: 12/12
 17378 | Lair:6   | Entered Level 6 of the Lair of Beasts
 17386 | Lair:6   | Received a gift from Trog
 17421 | Lair:6   | Found a staircase to the Slime Pits.
 19145 | Lair:6   | Got an amethyst-encrusted plate armour
 19158 | Lair:6   | Identified the +13 plate armour of Claustrophobia {Str+2 Int+4} (You found it on level 6 of the Lair of Beasts)
 19807 | Orc:1    | Entered Level 1 of the Orcish Mines
 19887 | Orc:1    | Found Utog Lao's Antique Armour Emporium.
 19964 | Orc:1    | Bought a steaming scarf for 300 gold pieces
 20074 | Orc:2    | Entered Level 2 of the Orcish Mines
 20099 | Orc:2    | Found a roughly hewn altar of Beogh.
 20191 | Orc:2    | Found a roughly hewn altar of Beogh.
 20262 | Orc:2    | Reached skill level 15 in Unarmed Combat
 20269 | Orc:2    | Found a roughly hewn altar of Beogh.
 20409 | Orc:2    | Identified the cursed scarf "Fegacemn" {*Slow rC+ Str+9 Dex+3} (You bought it in a shop on level 1 of the Orcish Mines)
 20473 | Orc:2    | Found a roughly hewn altar of Beogh.
 20474 | Orc:2    | Found Unugiterr's Gadget Emporium.
 20547 | Orc:2    | Found a staircase to the Elven Halls.
 20616 | Orc:2    | Found a roughly hewn altar of Beogh.
 20617 | Orc:2    | Found Ziell's Book Shoppe.
 20632 | Orc:2    | Received a gift from Trog
 20791 | Orc:2    | Found a roughly hewn altar of Beogh.
 20935 | Orc:2    | Reached ****** piety under Trog
 21045 | Orc:1    | Noticed Nergalle
 21066 | Orc:1    | Killed Nergalle
 21448 | Orc:2    | Reached skill level 10 in Shields
 21720 | Orc:2    | Noticed an orc warlord
 21803 | Orc:2    | Killed an orc warlord
 21845 | Orc:2    | Found Caiwk's Antique Weapon Shoppe.
 21846 | Orc:2    | Found a roughly hewn altar of Beogh.
 21849 | Orc:2    | Found Wifott's Antique Armour Emporium.
 21871 | Orc:2    | Bought a pair of runed boots for 225 gold pieces
 21871 | Orc:2    | Bought an embroidered cloak for 225 gold pieces
 21871 | Orc:2    | Bought a pair of embroidered boots for 225 gold pieces
 21876 | Orc:2    | Identified a +2 pair of boots of running (You bought it in a shop on level 2 of the Orcish Mines)
 22234 | Lair:2   | Noticed Ymberti's ghost (journeyman DEFE)
 22238 | Lair:2   | Killed Ymberti's ghost
 22319 | Lair:3   | Found a staircase to the Swamp.
 22454 | D:12     | Gained mutation: Your demonic aura causes spilled blood to erupt in flames. [demonic ancestry]
 22454 | D:12     | Reached XP level 15. HP: 121/121 MP: 14/14
 22456 | D:12     | Received a gift from Trog
 22456 | D:12     | Reached skill level 1 in Evocations
 22622 | D:12     | Found Ymoil's Antique Weapon Emporium.
 23090 | D:13     | Found a deep blue altar of Sif Muna.
 23130 | D:13     | Noticed Erolcha
 23136 | D:13     | Killed Erolcha
 23332 | D:13     | Found a gate to the Vaults.
 23513 | D:13     | Found Xuzipn's Weapon Boutique.
 24044 | D:14     | Received a gift from Trog
 24247 | D:13     | Bought a +4 hand crossbow for 306 gold pieces
 24401 | D:14     | Found a burning altar of Makhleb.
 24401 | D:14     | Noticed an Executioner
 24655 | D:15     | Entered Level 15 of the Dungeon
 24720 | D:15     | Reached skill level 1 in Crossbows
 24751 | D:15     | Found a labyrinth entrance.
 24763 | D:15     | Reached skill level 16 in Unarmed Combat
 24763 | D:15     | Reached XP level 16. HP: 129/129 MP: 16/16
 24766 | Lab      | Entered a labyrinth
 28458 | D:15     | Found a staircase to the Depths.
 28754 | Swamp:1  | Entered Level 1 of the Swamp
 29060 | Swamp:1  | Noticed a thorn hunter
 29101 | Swamp:1  | Killed a thorn hunter
 29889 | Swamp:2  | Received a gift from Trog
 29923 | Swamp:2  | Got a dazzling broad axe {god gift}
 29924 | Swamp:2  | Identified the +7 broad axe of the Lives {flame, Dex+2 Stlth+} (Trog gifted it to you on level 2 of the Swamp)
 30170 | Swamp:3  | Identified 2 scrolls of acquirement
 30173 | Swamp:3  | Got a pair of scorched boots
 30184 | Swamp:3  | Identified the -5 pair of boots "Nirhy" {rF+++} (You acquired it on level 3 of the Swamp)
 30336 | Swamp:3  | Reached XP level 17. HP: 134/135 MP: 18/18
 30490 | Swamp:3  | Reached skill level 5 in Evocations
 30736 | Swamp:4  | Entered Level 4 of the Swamp
 30841 | Swamp:4  | HP: 5/135 [thorn hunter/volley of thorns (34)]
 31349 | Swamp:4  | Received a gift from Trog
 31431 | Swamp:4  | Received a gift from Trog
 31512 | Swamp:4  | Noticed Nikola
 31533 | Swamp:4  | Killed Nikola
 31912 | Swamp:4  | Got a decaying rune of Zot
 32145 | Snake:1  | Entered Level 1 of the Snake Pit
 32896 | Snake:1  | Received a gift from Trog
 33579 | Snake:1  | Reached skill level 17 in Unarmed Combat
 33672 | Snake:2  | Noticed Kirke
 33710 | Snake:2  | Killed Kirke
 34592 | Snake:2  | Gained mutation: Your magical and physical power is slightly enhanced at high health. [demonic ancestry]
 34592 | Snake:2  | Reached XP level 18. HP: 126/144 MP: 20/20
 34880 | Snake:3  | Received a gift from Trog
 35005 | Snake:3  | Reached skill level 5 in Crossbows
 35982 | Snake:4  | Entered Level 4 of the Snake Pit
 36089 | Snake:4  | Received a gift from Trog
 36395 | Snake:4  | Found Uvisyate's Armour Shop.
 37139 | Snake:4  | Noticed Vashnia
 37159 | Snake:4  | Killed Vashnia
 37208 | Snake:4  | Received a gift from Trog
 37532 | Snake:4  | Received a gift from Trog
 37693 | Snake:4  | Got a serpentine rune of Zot
 37795 | Snake:4  | Received a gift from Trog
 38023 | Vaults:1 | Entered Level 1 of the Vaults
 38039 | Vaults:1 | Reached XP level 19. HP: 152/152 MP: 22/22
 38101 | Vaults:1 | Reached skill level 18 in Unarmed Combat
 38288 | Vaults:1 | Found Roasagg's Antique Armour Shoppe.
 38364 | Vaults:1 | Received a gift from Trog
 38650 | Vaults:1 | Received a gift from Trog
 38999 | Vaults:1 | Reached skill level 15 in Shields
 39450 | Vaults:2 | Noticed Sojobo
 39507 | Vaults:2 | Noticed Aizul
 39518 | Vaults:2 | Killed Aizul
 39787 | Vaults:2 | Received a gift from Trog
 39796 | Vaults:2 | Paralysed by an ogre mage for 3 turns
 39805 | Vaults:2 | Paralysed by a floating eye for 2 turns
 39814 | Vaults:2 | Paralysed by a floating eye for 3 turns
 39953 | Vaults:2 | Gained mutation: You are completely covered in slimy green scales. (AC +4, rPois) [demonic ancestry]
 39953 | Vaults:2 | Reached XP level 20. HP: 156/160 MP: 23/23
 40168 | Vaults:2 | Received a gift from Trog
 40358 | Vaults:2 | Reached skill level 19 in Unarmed Combat
 40598 | Vaults:2 | Reached skill level 15 in Fighting
 40618 | Vaults:2 | Received a gift from Trog
 40623 | Vaults:2 | Got a brightly glowing hand crossbow {god gift}
 40624 | Vaults:2 | Identified the +10 hand crossbow of the Wasteland {speed, rElec rPois Int+4} (Trog gifted it to you on level 2 of the Vaults)
 40918 | Vaults:2 | Killed Sojobo
 41758 | Vaults:3 | Found a staircase to the Crypt.
 41812 | Vaults:3 | Paralysed by something for 2 turns
 41818 | Vaults:3 | Paralysed by something for 2 turns
 41826 | Vaults:3 | HP: 7/162 [something/bolt of negative energy (40)]
 42128 | Vaults:3 | Received a gift from Trog
 42461 | Vaults:3 | Found Onolul's Armour Shoppe.
 42675 | Vaults:3 | Found a bloodstained altar of Trog.
 42805 | Vaults:3 | Reached XP level 21. HP: 83/168 MP: 24/24
 43140 | Vaults:3 | Received a gift from Trog
 43221 | Vaults:3 | Received a gift from Trog
 44158 | Vaults:4 | Paralysed by an orc sorcerer for 6 turns
 44487 | Vaults:4 | Received a gift from Trog
 44702 | Vaults:4 | Cast into level 3 of the Abyss (a deep elf demonologist)
 45108 | Vaults:4 | Escaped the Abyss
 45123 | Vaults:4 | Reached skill level 20 in Unarmed Combat
 45621 | Depths:1 | Entered Level 1 of the Depths
 45629 | Depths:1 | Received a gift from Trog
 45743 | Depths:1 | Found a gateway to Hell.
 46048 | Depths:1 | Found a one-way gate leading to the halls of Pandemonium.
 46543 | Depths:2 | Found Jouh's Jewellery Shoppe.
 46550 | Depths:2 | Bought an uncursed ring of see invisible for 165 gold pieces
 46550 | Depths:2 | Bought the amulet of Mistrust {Reflect rN+ SH+4} for 420 gold pieces
 46550 | Depths:2 | Bought the ring of the Shining Light {rCorr rF+} for 374 gold pieces
 46570 | Depths:2 | Reached XP level 22. HP: 178/178 MP: 25/25
 46609 | Depths:2 | Noticed a caustic shrike
 46610 | Depths:2 | Noticed a caustic shrike
 46612 | Depths:2 | Noticed Jorgrun
 46612 | Depths:2 | Noticed a caustic shrike
 46613 | Depths:2 | Noticed a caustic shrike
 46629 | Depths:2 | HP: 5/178 [caustic shrike (10)]
 46629 | Depths:2 | HP: 1/178 [acid (4)]
 46629 | Depths:2 | Mangled by a caustic shrike

Skill      XL: |  1  2  3  4  5  6  7  8  9 10 11 12 13 14 15 16 17 18 19 20 21 |
---------------+----------------------------------------------------------------+-----
Armour         | 2 3 4 6 8 9 10 11 12 13 14 | 14.9
Axes           | 3 4 5 |  5.3
Unarmed Combat | 3 5 8 9 11 12 13 14 15 16 17 18 19 20 | 20.1
Shields        | 2 4 5 6 8 10 11 13 14 15 16 17 | 17.8
Fighting       | 4 6 8 10 11 12 13 14 15 16 | 16.3
Throwing       | 1 2 |  2.0
Evocations     | 3 4 6 8 |  8.0
Crossbows      | 1 2 4 5 6 7 |  7.8
Dodging        | |  1.7

Action                   |  1- 3 |  4- 6 |  7- 9 | 10-12 | 13-15 | 16-18 | 19-21 | 22-24 || total
-------------------------+-------+-------+-------+-------+-------+-------+-------+-------++-------
Melee: Hand axe          |    60 |       |       |       |       |       |       |       ||    60
       Broad axe         |    42 |   164 |    19 |       |       |       |       |       ||   225
       Unarmed           |       |       |   321 |   908 |  1360 |  1332 |  1385 |    30 ||  5336
       Punch             |       |       |     1 |       |       |       |       |       ||     1
 Fire: Hand crossbow     |       |       |       |       |     7 |     7 |    65 |       ||    79
Throw: Javelin           |       |       |     4 |    33 |    18 |       |       |       ||    55
       Tomahawk          |       |       |       |     9 |       |       |       |       ||     9
Invok: Berserk           |     2 |     2 |     3 |    15 |     9 |     4 |     1 |       ||    36
       Trog's Hand       |       |     1 |     2 |     8 |     5 |     5 |    11 |       ||    32
       Burn Spellbooks   |       |       |       |     1 |     2 |     5 |     3 |       ||    11
       Brothers in Arms  |       |       |       |       |     1 |       |     5 |       ||     6
Evoke: Wand              |       |       |       |     1 |     1 |     7 |       |       ||     9
  Use: Scroll            |       |     2 |     5 |    13 |    15 |    22 |     7 |       ||    64
       Potion            |       |     1 |     3 |     6 |     2 |     5 |     7 |       ||    24
 Stab: Sleeping          |       |     2 |       |       |       |       |       |       ||     2
       Paralysed         |       |       |     2 |       |       |       |       |       ||     2
       Distracted        |       |       |       |       |     1 |       |     1 |       ||     2
       Confused          |       |       |       |       |       |     1 |       |       ||     1
       Invisible         |       |       |       |       |       |       |     4 |       ||     4
  Eat: Chunk             |     3 |     7 |    16 |    23 |    38 |    30 |    25 |       ||   142
       Fruit             |       |       |     2 |     6 |     1 |     2 |       |       ||    11
       Royal jelly       |       |       |       |     4 |     1 |     4 |     6 |       ||    15
       Bread ration      |       |       |       |     1 |       |       |       |       ||     1
       Meat ration       |       |       |       |     1 |     1 |     1 |       |       ||     3
Armor: Animal skin       |    40 |    36 |       |       |       |       |       |       ||    76
       Chain mail        |       |    64 |   141 |     7 |       |       |       |       ||   212
       Skin              |       |     5 |    24 |       |       |       |       |       ||    29
       Plate armour      |       |       |       |   453 |   574 |   677 |   549 |    27 ||  2280
Dodge: Dodged            |    75 |   108 |    85 |   230 |   240 |   230 |   136 |     5 ||  1109
Block: Buckler           |       |       |    51 |   176 |    51 |       |       |       ||   278
       Shield            |       |       |       |       |   433 |   677 |       |       ||  1110
       Large shield      |       |       |       |       |       |   220 |  1198 |    38 ||  1456
       Reflection        |       |       |       |       |       |       |       |     5 ||     5
